 Dungeon Crawl Stone Soup version 0.24-a0-184-gcb5ae2c (webtiles) character file.

Game seed: 13073287935244546889

170 Dfrag the Grave Robber (level 5, 23/42 HPs)
             Began as a Deep Dwarf Necromancer on Mar 15, 2019.
             Quit the game on level 3 of the Dungeon.
             The game lasted 00:03:18 (2389 turns).

Dfrag the Grave Robber (Deep Dwarf Necromancer)     Turns: 2389, Time: 00:03:19

Health: 23/42      AC:  3    Str: 11    XL:     5   Next: 25%
Magic:  0/9        EV: 12    Int: 17    God:
Gold:   59         SH:  0    Dex: 13    Spells: 7/11 levels left

rFire    . . .     SeeInvis .   d - +0 dagger
rCold    . . .     Gourm    .   (no shield)
rNeg     . . .     Faith    .   a - +0 robe
rPois    .         Spirit   .   (no helmet)
rElec    .         Reflect  .   (no cloak)
rCorr    .         Harm     .   f - +0 pair of gloves
MR       .....                  (no boots)
Stlth    ++........             k - amulet of rage
HPRegen  0.00/turn              (no ring)
MPRegen  0.11/turn              (no ring)

@: very slightly contaminated, non-regenerating
A: damage resistance, heal wounds, sense surroundings 1, no regeneration
a: Heal Wounds, Evoke Berserk Rage


You were on level 3 of the Dungeon.
You were not hungry.

You visited 1 branch of the dungeon, and saw 3 of its levels.

You collected 59 gold pieces.

Inventory:

Hand Weapons
 d - a +0 dagger (weapon)
Armour
 a - a +0 robe (worn)
 f - a +0 pair of gloves (worn)
Jewellery
 k - an amulet of rage (around neck)
Wands
 n - a wand of iceblast (12)
Scrolls
 b - 6 scrolls of enchant armour {unknown}
 e - 2 scrolls of identify {unknown}
 h - a scroll of fear {unknown}
 j - 3 scrolls of remove curse {unknown}
 l - a scroll of random uselessness {unknown}
 m - a scroll of noise {unknown}
Potions
 g - 2 potions of curing {unknown}
 i - 2 potions of degeneration {unknown}
 o - a potion of heal wounds {unknown}
 q - a potion of resistance {unknown}
Comestibles
 c - 3 rations
 p - 4 chunks of flesh


   Skills:
 - Level 2.1 Dodging
 - Level 2.4 Stealth
 * Level 3.9 Spellcasting
 + Level 5.4 Necromancy


You had 7 spell levels left.
You knew the following spells:

 Your Spells              Type           Power        Failure   Level  Hunger
a - Pain                  Necr           ###.         1%          1    None
b - Vampiric Draining     Necr           ###.......   4%          3    ###....

Your spell library contained the following spells:

 Spells                   Type           Power        Failure   Level  Hunger
 Animate Skeleton         Necr           N/A          1%          1    None
 Animate Dead             Necr           N/A          17%         4    ####...
 Regeneration             Chrm/Necr      Unusable     N/A         3    N/A

Dungeon Overview and Level Annotations

Branches:
Dungeon (3/15)

Altars:
Dithmenos
Nemelex Xobeh
Xom

Annotations:
D:3 Natasha


Innate Abilities, Weirdness & Mutations

You are resistant to damage.
You can heal yourself by infusing magical energy.
You passively map a small area around you.
You do not regenerate.


Message History

Natasha claws you. The white imp gestures at you. The puff of frost hits you.
You hit Natasha.
Natasha is moderately wounded.
Natasha claws you. The white imp gestures at you. The puff of frost hits you!
* * * LOW HITPOINT WARNING * * *
Casting: Pain (safe; 1% risk of failure)
Confirm with . or Enter, or press ? or * to list all spells.
Aiming: Pain (safe; 1% risk of failure)
Press: ? - help, Shift-Dir - straight line, f/p - Natasha
Aim: Natasha (moderately wounded, chance to defeat MR: 80%) Natasha writhes in agony.
Natasha closely misses you.
The white imp hits you but does no damage.
Unknown command.
Your magical essence is drained by the effort!
You feel much better. Natasha claws you! The white imp closely misses you.
Are you sure you want to abandon this character and quit the game? (Confirm with "yes".)

, .l... , * ## #....* , ,
#....### * # ** +....'.#
.# , ,
*#....#.############.####.
# #...
#..............#.....# # *
### #................#...#
# #......5.........#...# #
#......h@..†.....#...##,#
#####'#..........#<... #
##.#.).....##.##.#####
#.......)).)..........
#....)..######.#.#####
#.....).# #........
######### #...#####
#.......# #....#..#


You could see Natasha and a white imp.

Vanquished Creatures
  Jessica (D:3)
  6 adders
  2 oozes
  A worm (D:2)
  2 dart slugs
  A leopard gecko (D:1)
  5 orcs (D:3)
  A ball python (D:3)
  5 bats
  6 giant cockroaches (D:1)
  7 goblins
  2 hobgoblins (D:1)
  8 jackals (D:1)
  7 kobolds
  A quokka (D:2)
  3 frilled lizards (D:1)
  9 rats
67 creatures vanquished.

Notes
Turn   | Place    | Note
-------+----------+-------------------------------------------
     0 | D:1      | Dfrag the Deep Dwarf Necromancer began the quest for the
                  | Orb.
     0 | D:1      | Reached XP level 1. HP: 15/15 MP: 3/3
    87 | D:1      | Reached XP level 2. HP: 22/22 MP: 3/5
   473 | D:1      | Reached XP level 3. HP: 15/28 MP: 5/7
   479 | D:1      | Learned a level 3 spell: Vampiric Draining
  1084 | D:2      | Found a shadowy altar of Dithmenos.
  1121 | D:2      | Reached skill level 5 in Necromancy
  1256 | D:2      | Found a sparkling altar of Nemelex Xobeh.
  1267 | D:2      | Reached XP level 4. HP: 18/36 MP: 1/8
  2129 | D:3      | Found a shimmering altar of Xom.
  2272 | D:3      | Noticed Jessica
  2306 | D:3      | Killed Jessica
  2306 | D:3      | Reached XP level 5. HP: 24/42 MP: 0/10
  2375 | D:3      | Noticed Natasha
  2389 | D:3      | Quit the game

Levels and vault maps discovered:
D:1:      nagdon_arrival_zigzag_paths, layout_loops_corners
D:2:      layout_basic, old_standard_altar, nrook_uturn,
          nemelex_xobeh_ov_fountains_minmay
D:3:      layout_basic, overflow_temple_1_default, first_ration, uniq_natasha,
          uniq_jessica

Skill      XL: |  1  2  3 |
---------------+----------+-----
Spellcasting   | 2 3 |  3.9
Necromancy     | 5 |  5.4
Dodging        | |  2.1
Stealth        | |  2.4

Action                   |  1- 3 |  4- 6 || total
-------------------------+-------+-------++-------
Melee: Unarmed           |    43 |       ||    43
       Dagger            |    26 |    23 ||    49
 Cast: Pain              |    57 |    35 ||    92
       Vampiric Draining |     5 |    10 ||    15
 Abil: Heal Wounds       |       |     1 ||     1
  Eat: Chunk             |     2 |     5 ||     7
Armor: Robe              |    24 |     6 ||    30
Dodge: Dodged            |    57 |    29 ||    86

Table legend:
 A = Non-vault XP
 B = Vault XP
 C = Vault XP percentage of total XP
 D = Non-vault monster count
 E = Vault monster count
 F = Vault count percentage of total count
                 A         B        C        D         E       F
            +---------+---------+-------+---------+---------+-------
      Total |     206 |      37 |  15.2 |      66 |       1 |   1.5
            +---------+---------+-------+---------+---------+-------
        D:1 |      71 |       0 |   0.0 |      36 |       0 |   0.0
        D:2 |      72 |       0 |   0.0 |      18 |       0 |   0.0
        D:3 |      63 |      37 |  37.0 |      12 |       1 |   7.7
            +---------+---------+-------+---------+---------+-------
